Map: Acropolis LE

Players

Mez - Winner!

  • Race: Terran Terran
  • League: Master
  • Spawn Location: 11:00

llllllllllll

  • Race: Terran Terran
  • League: Master
  • Spawn Location: 5:00

VOD

Have the link to the VOD?

Description

Time

  • Played on: Aug. 22, 2019, 3:41 p.m.
  • Length: 5:36
Show
View Real Time Build Order
Export as new Build Order

Mez Terran - Winner!

Build Orders: Hellion Opening, Reaper Expand 

Get SALT Encoding   

  12  0:01  SCV  
  13  0:13  SCV  
  14  0:18  Supply Depot  
  14  0:25  SCV  
  15  0:39  SCV  
  15  0:41  Barracks  
  16  0:45  Refinery  
  16  0:52  SCV  
  17  1:04  SCV  
  18  1:17  SCV  
  19  1:30  Orbital Command, Reaper  
  20  1:39  Command Center  
  20  1:52  Supply Depot  
  20  1:56  SCV  
  21  2:01  Marine  
  22  2:08  SCV  
  23  2:16  Factory  
  23  2:22  Barracks Reactor  
  23  2:33  SCV  
  24  2:40  Refinery  
  24  2:45  SCV  
  25  2:52  Orbital Command  
  25  3:01  Starport  
  25  3:05  SCV  
  26  3:08  Hellion x2  
  26  3:12  Barracks Tech Lab  
  30  3:17  SCV  
  30  3:18  SCV  
  32  3:27  Supply Depot  
  32  3:29  SCV, Hellion x2  
  32  3:30  SCV  
  32  3:31  Marauder, Concussive Shells  
  40  3:41  SCV  
  40  3:42  SCV, Medivac  
  44  3:52  Marauder  
  44  3:53  SCV, Hellion x2  
  44  3:54  SCV  
  48  4:08  SCV  
  45  4:13  Marauder  
  40  4:19  SCV, Hellion x2  
  40  4:20  SCV  
  45  4:32  SCV x2  
  45  4:37  Marauder  
  49  4:49  Starport Reactor  
  49  4:51  SCV x2  
  51  4:53  Barracks  
  51  4:55  Barracks  
  51  5:00  Supply Depot  
Show
View Real Time Build Order
Export as new Build Order

llllllllllll Terran 

Build Orders:  

Get SALT Encoding   

  12  0:00  SCV  
  13  0:13  SCV  
  14  0:17  Supply Depot  
  14  0:25  SCV  
  15  0:34  Refinery  
  15  0:38  SCV  
  16  0:44  Barracks  
  16  0:50  SCV  
  16  0:54  Refinery  
  17  1:03  SCV  
  18  1:15  SCV  
  19  1:32  Orbital Command  
  19  1:34  Factory  
  19  1:41  Barracks Reactor  
  19  1:50  Supply Depot  
  19  1:59  SCV  
  20  2:17  Reaper x2  
  20  2:20  Hellion  
  24  2:33  Command Center, SCV  
  24  2:43  Hellion  
  26  2:45  SCV  
  26  2:49  Reaper x2  
  26  2:50  Supply Depot  
  29  3:03  SCV  
  30  3:06  Factory Tech Lab  
  30  3:07  Starport  
  30  3:15  SCV  
  31  3:21  Reaper  
  31  3:24  Reaper  
  33  3:27  SCV  
  34  3:39  SCV  
  35  3:42  Cyclone  
  38  3:51  SCV  
  38  3:55  Refinery  
  39  3:59  Marine x2  
  41  4:04  SCV  
  42  4:13  Orbital Command  
  42  4:16  SCV  
  39  4:19  Marine x2, Siege Tank  
  39  4:20  Starport Tech Lab  
  40  4:28  SCV  
  40  4:40  SCV  
  40  4:41  SCV  
  40  4:44  Command Center  
  41  4:52  SCV, Raven  
  44  4:55  SCV  
  44  4:57  Marine x2  
  47  5:04  SCV  
Tags
 
Add a new tag
Caveats
  • Supply blocks, unpowered buildings, or Contaminate may cause inaccurate times.
  • Supply counts are checked every 10 seconds.